 Dungeon Crawl Stone Soup version 0.19-a0-1899-g2d93087 (webtiles) character file.

229 slr42 the Conjurer (level 5, -15/38 HPs)
             Began as a Demonspawn Wizard on Oct 19, 2016.
             Killed by divine providence
             ... invoked by an orc priest
              (16 damage)
             ... on level 4 of the Dungeon.
             The game lasted 00:22:48 (3883 turns).

slr42 the Conjurer (Demonspawn Wizard)              Turns: 3883, Time: 00:22:49

Health: -15/38     AC:  3    Str:  8    XL:     5   Next: 71%
Magic:  3/10       EV: 12    Int: 20    God:
Gold:   107        SH:  2    Dex: 11    Spells: 4 memorised, 2 levels left

rFire  . . .     SeeInvis +     x - +0 trident
rCold  . . .     Gourm    .     a - +0 robe
rNeg   . . .     Faith    .     (no shield)
rPois  .         Spirit   .     b - +0 hat
rElec  .         Reflect  +     (no cloak)
rCorr  .         Harm     .     (no gloves)
MR     .....                    r - +0 pair of boots
Stlth  ++........               p - +2 amulet of reflection
                                (no ring)
                                h - ring of see invisible

@: no status effects
A: antennae 2, demonic guardian 1, sturdy frame 1
a: no special abilities


You were on level 4 of the Dungeon.
You were hungry.

You visited 1 branch of the dungeon, and saw 4 of its levels.

You collected 120 gold pieces.
You spent 13 gold pieces at shops.

Inventory:

Hand Weapons
 e - a +0 mace
 j - a +0 spear
 x - a +0 trident (weapon)
 D - a +0 blowgun
Missiles
 E - 14 poisoned needles
Armour
 a - a +0 robe (worn)
 b - a +0 hat (worn)
 r - a +0 pair of boots (worn)
Jewellery
 h - a ring of see invisible (left hand)
 p - a +2 amulet of reflection (around neck)
Scrolls
 g - a scroll of immolation {unknown}
 i - 2 scrolls of enchant weapon {unknown}
 m - a scroll of fog {unknown}
 n - a scroll of identify {unknown}
 o - a scroll of noise {unknown}
 t - a scroll of remove curse {unknown}
 w - a scroll of teleportation {unknown}
 y - a scroll of enchant armour {unknown}
Potions
 k - a potion of flight {unknown}
 q - a potion of haste {unknown}
 s - a potion of berserk rage {unknown}
 z - a potion of lignification {unknown}
 A - a potion of cure mutation {unknown}
 B - a potion of might {unknown}
 C - a potion of invisibility {unknown}
Books
 c - a book of Minor Magic

   Spells                             Type                      Level
   a - Magic Dart                     Conjuration                  1
   b - Blink                          Translocation                2
   c - Call Imp                       Summoning                    2
   d - Repel Missiles                 Charms/Air                   2
   e - Slow                           Hexes                        2
   f - Conjure Flame                  Conjuration/Fire             3
   g - Mephitic Cloud                 Conjuration/Poison/Air       3
Comestibles
 d - 2 bread rations
 f - 3 beef jerkies
 l - 2 meat rations
 u - a slice of pizza
 v - a chunk of flesh


   Skills:
 + Level 1.9 Fighting
 - Level 1.7 Dodging
 - Level 1.7 Stealth
 + Level 3.4 Spellcasting
 - Level 3.4 Conjurations
 + Level 2.7 Summonings
 - Level 0.8 Translocations
 + Level 1.7 Fire Magic


You had 2 spell levels left.
You knew the following spells:

 Your Spells              Type           Power        Failure   Level  Hunger
a - Magic Dart            Conj           ###.         3%          1    None
b - Blink                 Tloc           N/A          17%         2    ##.....
c - Call Imp              Summ           ##......     10%         2    ##.....
d - Conjure Flame         Conj/Fire      ##......     17%         3    ###....


Dungeon Overview and Level Annotations

Branches:
Dungeon (4/15)
 Temple: D:4-7

Altars:

Shops:
D:4 !


Innate Abilities, Weirdness & Mutations

You have a pair of antennae on your head.
A weak demonic guardian rushes to your aid.
Your movements are slightly less encumbered by armour. (ER -2)


Message History

The orc priest invokes the aid of Beogh against you.
Beogh smites you!
* * * LOW HITPOINT WARNING * * *
The orc wizard gestures wildly while chanting.
The orc wizard flickers and vanishes for a moment.
Your crimson imp barely misses the orc wizard.
Casting: Call Imp
Confirm with . or Enter, or press ? or * to list all spells.
Aiming: Conjure Flame
Press: ? - help, Dir - move target cursor, p - orc wizard The fire roars!
The orc wizard points at you and mumbles some strange words.
The puff of flame hits you!
* * * LOW HITPOINT WARNING * * *
Something hits your crimson imp but does no damage.
You see here a ring mail.
The orc wizard hits your crimson imp but does no damage.
The orc priest mumbles some strange prayers to Beogh against you.
Beogh smites you!
You die...

..........###
.......o..#
.......oo.#
..#####§### #5# .. #.#
.... #[# ... #.#
...... ..?#####@#####
..... #..........#
..... #...5......#
....# #....∩.....#
....# #..........#
>...# #..........#
....#######..........#
#...................#
#.########..........#


You could see an orc priest, an orc wizard (invisible), an orc, a friendly
quasit (wandering) and a friendly crimson imp.

Vanquished Creatures
  A worker ant (D:3)
  4 gnolls
  3 adders
  A worm (D:3)
  2 dart slugs
  4 leopard geckos
  3 orcs (D:3)
  9 bats
  4 giant cockroaches
  11 goblins
  5 hobgoblins
  6 jackals
  2 frilled lizards
  A jackal skeleton (D:4)
  9 kobolds
  9 rats
  A plant (D:3)
75 creatures vanquished.

Vanquished Creatures (collateral kills)
  An orc priest (D:3)
  4 gnolls
  A worm (D:3)
  A leopard gecko (D:3)
  3 orcs (D:3)
  A jackal (D:3)
11 creatures vanquished.

Grand Total: 86 creatures vanquished

Notes
Turn   | Place    | Note
-------+----------+-------------------------------------------
     0 | D:1      | slr42 the Demonspawn Wizard began the quest for the Orb.
     0 | D:1      | Reached XP level 1. HP: 13/13 MP: 4/4
   274 | D:1      | Gained mutation: You have a pair of small antennae on your head. [demonic ancestry]
   274 | D:1      | Reached XP level 2. HP: 19/19 MP: 1/6
  1114 | D:1      | Learned a level 2 spell: Blink
  1117 | D:1      | Learned a level 2 spell: Call Imp
  1131 | D:1      | Gained mutation: Your movements are slightly less encumbered by armour. (ER -2) [demonic ancestry]
  1131 | D:1      | Reached XP level 3. HP: 17/24 MP: 4/7
  1219 | D:1      | Learned a level 3 spell: Conjure Flame
  1686 | D:2      | Gained mutation: You have a pair of antennae on your head. [demonic ancestry]
  1686 | D:2      | Reached XP level 4. HP: 23/30 MP: 5/8
  2607 | D:3      | Reached skill level 1 in Fighting
  2677 | D:3      | Gained mutation: A weak demonic guardian rushes to your aid. [demonic ancestry]
  2677 | D:3      | Reached XP level 5. HP: 26/37 MP: 7/9
  3104 | D:3      | Reached skill level 1 in Fire Magic
  3813 | D:4      | Found Igamnecirch's Distillery.
  3822 | D:4      | Bought a potion of degeneration for 13 gold pieces
  3881 | D:4      | HP: 1/38 [orc wizard/puff of flame (9)]
  3883 | D:4      | Killed from afar by an orc priest

Vault maps used:
D:1:      minmay_arrival_glassed_features
D:2:      first_bread
D:3:      serial_bayou_pond_a
D:4:      serial_shops, shop

Skill      XL: |  1  2  3  4  5 |
---------------+----------------+-----
Conjurations   | 2 3 |  3.4
Summonings     | 2 |  2.7
Fighting       | 1 |  1.9
Fire Magic     | 1 |  1.7
Dodging        | |  1.7
Stealth        | |  1.7
Spellcasting   | |  3.4
Translocations | |  0.8

Action                   |  1- 3 |  4- 6 || total
-------------------------+-------+-------++-------
Melee: Mace              |     9 |       ||     9
       Spear             |    35 |    81 ||   116
       Trident           |       |    80 ||    80
 Fire: Blowgun           |       |     4 ||     4
 Cast: Magic Dart        |    45 |    58 ||   103
       Call Imp          |     5 |    12 ||    17
       Conjure Flame     |       |     6 ||     6
 Stab: Sleeping          |     3 |     6 ||     9
  Eat: Chunk             |     3 |     7 ||    10
Armor: Robe              |     8 |    28 ||    36
Dodge: Dodged            |    38 |    89 ||   127
Block: Other             |       |    10 ||    10
       Reflection        |       |     1 ||     1
